 Dungeon Sprint DCSS version 0.25.1-2-g60ff931df9 (webtiles) character file.

Game seed: 15470200862224831660

305 Doot the Geomancer (level 6, -21/48 HPs)
             Began as a Gargoyle Earth Elementalist on Sept 29, 2020.
             Was a Priest of Vehumet.
             Demolished by an orc warrior
             ... wielding a cursed -3 glaive
              (23 damage)
             ... in the Dungeon (Sprint VII: "The Pits").
             The game lasted 00:02:47 (440 turns).

Doot the Geomancer (Gargoyle Earth Elementalist)     Turns: 440, Time: 00:02:47

Health: -21/48     AC:  6    Str: 12    XL:     6   Next: 39%
Magic:  6/15       EV: 13    Int: 17    God:    Vehumet [***...]
Gold:   0          SH:  0    Dex: 10    Spells: 8/17 levels left

rFire    . . .     SeeInvis .   b - +2 long sword (holy)
rCold    . . .     Gourm    .   (no shield)
rNeg     + . .     Faith    .   c - +0 robe
rPois    ∞         Spirit   .   (no helmet)
rElec    +         Reflect  .   (no cloak)
rCorr    .         Harm     .   (no gloves)
MR       .....     NoTele   +   (no boots)
Stlth    ..........             (no amulet)
HPRegen  0.16/turn              (no ring)
MPRegen  0.14/turn              (no ring)

@: berserking (expiring), very slightly contaminated, invisible, very quick
A: negative energy resistance 1, electricity resistance, unbreathing,
petrification resistance, rot immunity, AC +4
a: Renounce Religion


You were in the Dungeon.
You worshipped Vehumet.
Vehumet was most pleased with you.
You were not hungry.

You visited 1 branch

Inventory:

Hand Weapons
 b - a +2 long sword of holy wrath (weapon)
Missiles
 q - 26 stones (quivered)
Armour
 c - a +0 robe (worn)
Magical Staves
 a - an uncursed staff of energy
Scrolls
 j - a scroll of blinking
 l - 3 scrolls of remove curse
 m - 5 scrolls of amnesia
 n - a scroll of summoning
 p - 2 scrolls of vulnerability
Potions
 e - 6 potions of curing
 f - 6 potions of heal wounds
 g - a potion of haste
 h - 4 potions of magic
 i - 2 potions of berserk rage
 k - a potion of invisibility
Comestibles
 d - 9 rations


   Skills:
 + Level 0.2 Fighting
 + Level 0.1 Long Blades
 + Level 3.6 Dodging
 + Level 4.0 Stealth
 * Level 6.4 Spellcasting
 * Level 3.3 Conjurations
   Level 0.7 Transmutations
 * Level 11.4 Earth Magic


You had 8 spell levels left.
You knew the following spells:

 Your Spells              Type           Power        Failure   Level  Hunger
a - Sandblast             Erth           #####.       1%          1    None
b - Stone Arrow           Conj/Erth      ####..       1%          3    ##.....
c - Lee's Rapid Deconstr  Erth           #####.....   1%          5    #####..

Your spell library contained the following spells:

 Spells                   Type           Power        Failure   Level  Hunger
 Frozen Ramparts          Ice            #.....       11%         3    ##.....
 Passwall                 Tmut/Erth      ####....     1%          2    None
 Petrify                  Tmut/Erth      ####....     10%         4    ####...


Dungeon Overview and Level Annotations

Branches:
Dungeon (1/1)

Altars:
Ashenzari
Cheibriados
Dithmenos
Elyvilon
Fedhas
Gozag
Hepliaklqana
Kikubaaqudgha
Makhleb
Nemelex Xobeh
Okawaru
Qazlal
Ru
Sif Muna
Trog
Uskayaw
Vehumet
Wu Jian
Xom
Yredelemnul
Zin
The Shining One
Beogh
Jiyva
Lugonu


Innate Abilities, Weirdness & Mutations

You are resistant to torment.
Your stone body is resilient. (AC +4)
You are immune to poison.
You resist negative energy. (rN+)
You are resistant to electric shocks. (rElec)
You can survive without breathing.
You are immune to petrification.
You are immune to rotting.


Message History

Unknown command.
You strike the helpless Ijyb from behind!
You slash Ijyb!
Ijyb is almost dead.
The ice beast closely misses you. Ijyb closely misses you.
Unknown command.
Unknown command.
You slice Ijyb!!
You kill Ijyb!
Vehumet accepts your kill.
You feel your power returning.
Your Stealth skill increases to level 4!
The ice beast barely misses you.
Unknown command.
Unknown command.
You strike the helpless ice beast from behind!
You slash the ice beast!
The ice beast is moderately wounded.
The orc warrior hits you with a cursed -3 glaive!!
You die...

#'#####Y#####......#..#.
#.#..#...'.##...........
#.#..#...#.#####'#####+
#r#..#####.##.......#
#.#..'Y..#.##.......#
#.#..'..o'.##.......#
#g#..########...<...#
#.#.)'[.)).##.......#
#.#..#[Yo@.##.......#
#'###########.......#
#...Y.oo# #########
#...#.o.# #...# .# #.##.
#.. #. #.. .g #Y. ..


You could see an orc warrior and an ice beast.

Vanquished Creatures
  A flying skull (D)
  A floating eye (D)
  Ijyb (D)
  An adder (D)
  An ufetubus (D)
  An adder zombie (D)
  A ball python (D)
  A quokka (D)
  A goblin (D)
  3 rats (D)
12 creatures vanquished.

Notes
Turn   | Place    | Note
-------+----------+-------------------------------------------
     0 | D        | Doot the Gargoyle Earth Elementalist began the quest for
                  | the Orb.
     0 | D        | Reached XP level 1. HP: 10/10 MP: 3/3
    13 | D        | Found a bloodstained altar of Trog.
    13 | D        | Found a shimmering blue altar of Sif Muna.
    13 | D        | Found a viscous altar of Jiyva.
    13 | D        | Found a hazy altar of Hepliaklqana.
    13 | D        | Found an opulent altar of Gozag.
    14 | D        | Found a glowing golden altar of the Shining One.
    14 | D        | Found a glowing silver altar of Zin.
    14 | D        | Found a basalt altar of Yredelemnul.
    14 | D        | Found a shimmering altar of Xom.
    14 | D        | Found an ornate altar of the Wu Jian Council.
    14 | D        | Found a sacrificial altar of Ru.
    14 | D        | Found a stormy altar of Qazlal.
    14 | D        | Found an iron altar of Okawaru.
    14 | D        | Found a sparkling altar of Nemelex Xobeh.
    14 | D        | Found a burning altar of Makhleb.
    14 | D        | Found a blossoming altar of Fedhas.
    14 | D        | Found a white marble altar of Elyvilon.
    14 | D        | Found a shadowy altar of Dithmenos.
    14 | D        | Found a snail-covered altar of Cheibriados.
    15 | D        | Found a radiant altar of Vehumet.
    15 | D        | Found a corrupted altar of Lugonu.
    15 | D        | Found a roughly hewn altar of Beogh.
    16 | D        | Found a hide-covered altar of Uskayaw.
    16 | D        | Found an ancient bone altar of Kikubaaqudgha.
    16 | D        | Found a shattered altar of Ashenzari.
    23 | D        | Became a worshipper of Vehumet
    66 | D        | Noticed a floating eye
    67 | D        | Reached skill level 4 in Earth Magic
    69 | D        | Paralysed by a floating eye for 2 turns
    74 | D        | Paralysed by a floating eye for 4 turns
    79 | D        | Killed a floating eye
    79 | D        | Reached * piety under Vehumet
    79 | D        | Offered knowledge of Shock by Vehumet.
    79 | D        | Reached skill level 8 in Earth Magic
    79 | D        | Reached XP level 2. HP: 15/15 MP: 2/7
    79 | D        | Reached XP level 3. HP: 19/19 MP: 2/8
    79 | D        | Reached XP level 4. HP: 24/24 MP: 2/10
    84 | D        | Learned a level 3 spell: Stone Arrow
   190 | D        | Noticed a flying skull
   198 | D        | Killed a flying skull
   198 | D        | Reached ** piety under Vehumet
   198 | D        | Reached skill level 11 in Earth Magic
   198 | D        | Reached XP level 5. HP: 20/28 MP: 8/13
   198 | D        | Reached XP level 6. HP: 22/32 MP: 9/15
   255 | D        | Offered knowledge of Magic Dart by Vehumet.
   375 | D        | Learned a level 5 spell: Lee's Rapid Deconstruction
   385 | D        | Noticed an orc warrior
   385 | D        | Noticed an ice beast
   385 | D        | Noticed an ice beast
   385 | D        | Noticed Ijyb
   390 | D        | Reached *** piety under Vehumet
   404 | D        | Offered knowledge of Frozen Ramparts by Vehumet.
   437 | D        | HP: 2/48 [ice beast (10)]
   439 | D        | Killed Ijyb
   440 | D        | Demolished by an orc warrior

Illustrated notes

Levels and vault maps discovered:
D:        pitsprint [storerooms_1, entrance_room_1, metal_vault_2, armoury_1,
          mini_pit_1, grid_room_1, main_hall_1, silver_pit, the_coven_3,
          the_vestibule_1, steel_vault_1, golden_pit, hallway_of_sentries,
          crystal_vault_5, iron_vault_2, final_vault]

Skill      XL: |  1  2  3  4  5  6 |
---------------+-------------------+-----
Earth Magic    | 8 11 | 11.4
Dodging        | 3 |  3.6
Stealth        | 3 4 |  4.0
Spellcasting   | 4 6 |  6.4
Conjurations   | 3 |  3.3
Fighting       | |  0.2
Long Blades    | |  0.1
Transmutations | |  0.7

Action                   |  1- 3 |  4- 6 || total
-------------------------+-------+-------++-------
Melee: Falchion          |     1 |       ||     1
       Long sword        |       |     8 ||     8
 Cast: Sandblast         |     4 |    10 ||    14
       Stone Arrow       |       |     3 ||     3
       Lee's Rapid Decon |       |     2 ||     2
  Use: Potion            |       |     2 ||     2
 Stab: Invisible         |       |     3 ||     3
Armor: Robe              |     1 |     9 ||    10
Dodge: Dodged            |     3 |    11 ||    14
       Rpst.: Long sword |       |     1 ||     1
